 Dungeon Crawl Stone Soup version 0.13-a0-2236-g7be3fc8 (webtiles) character file.

125 M4edhros the Vexing (level 2, -4/18 HPs)
             Began as an Octopode Arcane Marksman on July 4, 2013.
             Slain by a gnoll
             ... wielding a +0,+0 spear
              (7 damage)
             ... on Level 2 of the Dungeon.
             The game lasted 00:01:25 (923 turns).

M4edhros the Vexing (Octopode Arcane Marksman)       Turns: 923, Time: 00:01:25

HP  -4/18        AC  1     Str 10      XL: 2   Next: 91%
MP   3/3         EV 12     Int 15      God:
Gold 103         SH  0     Dex 11      Spells:  1 memorised,  4 levels left

Res.Fire  : . . .   See Invis. : .   b - +0 crossbow
Res.Cold  : . . .   Warding    : .   (no shield)
Life Prot.: . . .   Conserve   : .   (helmet restricted)
Res.Poison: .       Res.Corr.  : .   (no amulet)
Res.Elec. : .       Clarity    : .   (no ring)
Sust.Abil.: . .     Spirit.Shd : .   (no ring)
Res.Mut.  : .       Stasis     : .   (no ring)
Res.Rott. : .       Flight     : .   (no ring)
Saprovore : . . .                    (no ring)
                                     (no ring)
                                     (no ring)
                                     (no ring)

@: not resistant to hostile enchantments, fairly stealthy
A: almost no armour, amphibious, 8 rings, constrict 8, camouflage 1, AC +1
a: no special abilities


You were on level 2 of the Dungeon.
You were not hungry.

You visited 1 branch of the dungeon, and saw 2 of its levels.

You collected 53 gold pieces.

Inventory:

Hand weapons
 b - a +0,+0 crossbow (weapon)
 i - a +2,+3 orcish short sword
Missiles
 c - 35 bolts (quivered)
Comestibles
 f - a bread ration
 g - a pear
 j - an orange
 k - a meat ration
 n - an apple
Scrolls
 a - a scroll of random uselessness {unknown}
 e - a scroll of identify {unknown}
 h - 4 scrolls of remove curse {unknown}
Jewellery
 m - an uncursed ring of life protection {unknown}
Books
 d - a book of Debilitation

   Spells                             Type                      Level
   *Corona                            Hexes                        1
   Slow                               Hexes                        2
   Inner Flame                        Hexes/Fire                   3
   Enslavement                        Hexes                        4
   Cause Fear                         Hexes                        4
   Leda's Liquefaction                Hexes/Earth                  4


   Skills:
 + Level 2.1 Fighting
 + Level 2.6 Crossbows
 - Level 2.0 Dodging
 - Level 2.0 Spellcasting
 - Level 3.0 Hexes


You had 4 spell levels left.
You knew the following spells:

 Your Spells              Type           Power        Failure   Level  Hunger
a - Corona                Hex            ##.....      8%          1    #......


Dungeon Overview and Level Annotations

Branches:
Dungeon (2/27)

Altars:
Cheibriados


Innate Abilities, Weirdness & Mutations

You cannot wear most types of armour.
You are amphibious.
You can wear up to eight rings at the same time.
You can use your tentacles to constrict many enemies at once.
Your skin changes colour to match your surroundings (Stlth).
Your rubbery body absorbs attacks (AC +1).


Message History

Firing (i - inventory):
c - 37 bolts (quivered)
Press: ? - help, Shift-Dir - straight line, f/p - gnoll
Aim: a gnoll, wielding a runed spear (heavily wounded)
Okay, then.
Firing (i - inventory):
c - 37 bolts (quivered)
Press: ? - help, Shift-Dir - straight line, p - gnoll You shoot a bolt.
The bolt hits the gnoll.
You kill the gnoll!
Your Fighting skill increases to level 2!
Firing (i - inventory):
c - 36 bolts (quivered)
Press: ? - help, Shift-Dir - straight line, f - gnoll
Aim: a gnoll, wielding a spear You shoot a bolt.
The bolt hits the gnoll.
The gnoll is lightly wounded.
The gnoll picks up a runed spear.
The gnoll closely misses you. The gnoll hits you with a halberd.
* * * LOW HITPOINT WARNING * * *
The gnoll hits you with a spear!
You die...

#####################
#...................#
#..#..(#...#...#...##
#_..g(...............
#.g#@..#...#...#...#.
#...g................
####################.
###.# ####..... ....
#........
####.#####.##.....
#..
..<..............#
#.. ..#.......#...#..
#.# #.#.#.........#.#


You could see 2 gnolls.

Vanquished Creatures
  A gnoll (D:2)
  A bat (D:1)
  A giant cockroach (D:1)
  3 goblins (D:1)
  4 kobolds (D:1)
  2 giant newts
  2 rats (D:1)
14 creatures vanquished.

Vanquished Creatures (others)
  A rat (D:1)
1 creature vanquished.

Grand Total: 15 creatures vanquished

Notes
Turn   | Place    | Note
--------------------------------------------------------------
     0 | D:1      | M4edhros, the Octopode Arcane Marksman, began the quest for the Orb.
     0 | D:1      | Reached XP level 1. HP: 13/13 MP: 1/1
   197 | D:1      | Reached XP level 2. HP: 5/18 MP: 3/3
   860 | D:2      | Found a snail-covered altar of Cheibriados.
   923 | D:2      | Slain by a gnoll

Action                   || total
-------------------------++-------
Melee: Unarmed           ||    14
       Short sword       ||    12
 Fire: Crossbow          ||     5
  Use: Potion            ||     1
